 Dungeon Crawl Stone Soup version 0.18-a0-801-gb01a236 (webtiles) character file.

96 Duffy the Magician (level 4, 0/22 HPs)
             Began as a Vine Stalker Wizard on Dec 15, 2015.
             Succumbed to poison (a potion of poison)
             ... on level 3 of the Dungeon.
             The game lasted 00:04:15 (2764 turns).

Duffy the Magician (Vine Stalker Wizard)            Turns: 2764, Time: 00:04:15

Health: 0/22       AC:  2    Str: 12 (15) XL:     4   Next: 67%
Magic:  2/11       EV: 12    Int: 19      God:
Gold:   93         SH:  0    Dex: 12      Spells: 4 memorised, 4 levels left

rFire  . . .     SeeInvis .     k - +1 dagger (venom)
rCold  . . .     Clarity  .     a - +0 robe
rNeg   . . .     SustAt   .     (no shield)
rPois  .         Gourm    .     b - +0 hat
rElec  .         Spirit   +     (no cloak)
rCorr  .         Dismiss  .     (no gloves)
rMut   .         Stasis   .     (no boots)
MR     .....                    (no amulet)
Stlth  ++........               (no ring)
                                (no ring)

@: mighty, lethally poisoned (0 -> -14), very slightly contaminated, repel
missiles, invisible, not resistant to hostile enchantments, unstealthy
A: fangs 2, regeneration 1, magic shield, antimagic bite, no device heal 3, rot
immunity
a: no special abilities


You were on level 3 of the Dungeon.
You were not hungry.

You visited 1 branch of the dungeon, and saw 3 of its levels.

You collected 93 gold pieces.


Innate Abilities, Weirdness & Mutations

You have extremely sharp teeth.
Your natural rate of healing is unusually fast.
When hurt, damage is shared between your health and your magic reserves.
Your bite disrupts and absorbs the magic of your enemies.
Potions and wands cannot restore your health.
You are immune to rotting.


   Skills:
 + Level 1.5 Fighting
 - Level 1.5 Dodging
 - Level 2.4 Stealth
 + Level 4.3 Spellcasting
 - Level 1.5 Conjurations
 * Level 2.2 Summonings
 - Level 1.0 Translocations


You had 4 spell levels left.
You knew the following spells:

 Your Spells              Type           Power        Failure   Level  Hunger
a - Magic Dart            Conj           #...         10%         1    None
i - Call Imp              Summ           ##......     10%         2    #......
B - Blink                 Tloc           N/A          14%         2    #......
M - Repel Missiles        Chrm/Air       #.....       21%         2    #......

Inventory:

Hand Weapons
 i - a +0 dagger of venom
 k - a +1 dagger of venom (weapon)
Armour
 a - a +0 robe (worn)
 b - a +0 hat (worn)
Wands
 e - a wand of magic darts (14)
Scrolls
 g - a scroll of identify {unknown}
 h - a scroll of remove curse {unknown}
 l - 2 scrolls of teleportation {unknown}
 r - 2 scrolls of magic mapping {unknown}
Potions
 o - a potion of might
 p - a potion of curing {unknown}
 s - 2 potions of degeneration
Books
 c - a book of Minor Magic
Comestibles
 d - 2 bread rations
 j - 3 meat rations
 n - a royal jelly
 q - 3 chunks of flesh

Dungeon Overview and Level Annotations

Branches:
Dungeon (3/15)

Altars:
Fedhas
Okawaru


Message History

You barely miss the adder.
The adder is heavily wounded.
You feel sick. The adder bites you but does no damage.
Your crimson imp blinks!
You hit the adder. Your bite misses the adder.
The adder is heavily wounded.
You feel sick. The adder barely misses you.
Your crimson imp misses the adder.
You barely miss the adder.
The adder is heavily wounded.
The adder barely misses you.
Your crimson imp hits the adder.
The adder closely misses you.
You closely miss the adder.
The adder is severely wounded.
You feel sick. The adder bites you.
Your crimson imp hits the adder.
You hit the adder.
You kill the adder!
You feel sick.
There is a lethal amount of poison in your body!
Drink which item? (? for menu, Esc to quit)
It was a potion of degeneration.
There was something very wrong with that liquid.
You feel weakened.
You feel sick.
Drink which item? (? for menu, Esc to quit)
It was a potion of might.
You feel very mighty all of a sudden.
You feel sick.
Drink which item? (? for menu, Esc to quit)
It was a potion of invisibility.
You fade into invisibility!
You are very lightly contaminated with residual magic.
Drink which item? (? for menu, Esc to quit)
It was a potion of poison.
That liquid tasted very nasty...
You are more poisoned.
You die...

#.# #. #.# #.# #.# #.#
#.# ##.# #######.# #
... ......... #.#%#
#######.#
#.#.#################.#
#>..55@[...............
#.#.###################
#.>..# . #....# #
#....# #....# #....#
#....# #o#.##


You could see 2 friendly crimson imps.

Action                   |  1- 3 |  4- 6 || total
-------------------------+-------+-------++-------
Melee: Dagger            |   103 |    40 ||   143
 Cast: Magic Dart        |    41 |     1 ||    42
       Call Imp          |     8 |     9 ||    17
       Repel Missiles    |     1 |       ||     1
  Use: Potion            |       |     4 ||     4
 Stab: Sleeping          |     7 |       ||     7
       Distracted        |       |     1 ||     1
  Eat: Chunk             |     5 |     1 ||     6

Notes
Turn   | Place    | Note
--------------------------------------------------------------
     0 | D:1      | Duffy the Vine Stalker Wizard began the quest for the Orb.
     0 | D:1      | Reached XP level 1. HP: 9/9 MP: 5/5
   388 | D:1      | Reached XP level 2. HP: 13/13 MP: 1/7
  1220 | D:1      | Reached skill level 1 in Fighting
  1223 | D:1      | Reached XP level 3. HP: 11/18 MP: 7/9
  1424 | D:1      | Learned a level 2 spell: Repel Missiles
  1445 | D:1      | Learned a level 2 spell: Blink
  1448 | D:1      | Learned a level 2 spell: Call Imp
  1913 | D:2      | Found a faded altar to an unknown god.
  1951 | D:2      | Reached skill level 4 in Spellcasting
  1991 | D:2      | Found an iron altar of Okawaru.
  2087 | D:2      | Found a blossoming altar of Fedhas.
  2318 | D:3      | Reached XP level 4. HP: 19/22 MP: 9/11
  2543 | D:3      | Reached skill level 2 in Summonings
  2764 | D:3      | Succumbed to poison (a potion of poison)

Vault maps used:
D:1:      dpeg_arrival_stone_temple_mockup, minmay_fountain_box
D:2:      nicolae_overflow_crystal_walls, nicolae_overflow_hidden_temple,
          ecumenical_altar_2

Vanquished Creatures
  An iguana
  2 adders
  3 worms
  A giant gecko
  An orc
  6 bats
  4 giant cockroaches
  11 goblins
  10 hobgoblins
  6 jackals
  2 quokkas
  2 giant newts
  4 kobolds
  8 rats
61 creatures vanquished.
